 Dungeon Crawl Stone Soup version 0.25-a0-110-ge29c8f2358 (console) character file.

Game seed: 8650265897225694595, levelgen mode: deterministic

209 Kagalorn the Archer (level 5, -1/41 HPs)
             Began as a Centaur Hunter on Nov 19, 2019.
             Was an Initiate of Okawaru.
             Slain by a bullfrog (5 damage)
             ... on level 6 of the Dungeon.
             The game lasted 00:09:42 (2490 turns).

Kagalorn the Archer (Centaur Hunter)                Turns: 2490, Time: 00:09:43

Health: -1/41      AC: 12    Str: 15    XL:     5   Next: 55%
Magic:  5/5        EV:  2    Int: 10    God:    Okawaru [......]
Gold:   206        SH:  0    Dex: 10    Spells: 4/4 levels left

rFire    . . .     SeeInvis .   a - +1 shortbow
rCold    . . .     Gourm    .   (shield currently unavailable)
rNeg     . . .     Faith    .   i - +0 chain mail
rPois    .         Spirit   .   B - +0 helmet
rElec    .         Reflect  .   (no cloak)
rCorr    .         Harm     .   (no gloves)
MR       .....                  m - +0 centaur barding
Stlth    ..........             (no amulet)
HPRegen  0.13/turn              (no ring)
MPRegen  0.09/turn              (no ring)

@: very slightly contaminated, very quick
A: large, hooves 3, deformed body, speed 2, tough skin 3
a: Renounce Religion


You were on level 6 of the Dungeon.
You worshipped Okawaru.
Okawaru was noncommittal.
You were near starving.

You visited 2 branches of the dungeon, and saw 8 of its levels.

You collected 206 gold pieces.

Inventory:

Hand Weapons
 a - a +1 shortbow (weapon)
 c - a +0 dagger of holy wrath
 p - a +0 quarterstaff
Missiles
 d - 41 arrows (quivered)
 l - 23 poisoned darts
 x - 8 silver javelins
 z - 7 bolts
Armour
 i - a +0 chain mail (worn)
 m - a +0 centaur barding (worn)
 B - a +0 helmet (worn)
Jewellery
 k - an uncursed amulet of guardian spirit {unknown}
 A - an uncursed ring of protection from magic {unknown}
 D - an uncursed ring of see invisible {unknown}
Scrolls
 g - a scroll of fog {unknown}
 h - 2 scrolls of remove curse {unknown}
 j - 3 scrolls of teleportation {unknown}
 n - 5 scrolls of identify {unknown}
 o - a scroll of noise {unknown}
 t - a scroll of enchant weapon {unknown}
 y - a scroll of enchant armour {unknown}
 C - 2 scrolls of blinking
Potions
 b - a potion of might {unknown}
 e - a potion of lignification {unknown}
 q - a potion of resistance {unknown}
 r - a potion of brilliance {unknown}
 s - a potion of degeneration {unknown}
 u - a potion of mutation {unknown}
 v - a potion of heal wounds {unknown}
 w - a potion of curing {unknown}
Comestibles
 f - 6 rations


   Skills:
 - Level 2.0 Fighting
 + Level 9.1 Bows
 - Level 1.3 Dodging
 - Level 0.4 Stealth


You had 4 spell levels left.
You didn't know any spells.
Your spell library was empty.

Dungeon Overview and Level Annotations

Branches:
Dungeon (7/15)             Temple (1/1) D:5

Altars:
Ashenzari
Elyvilon
Fedhas
Gozag
Kikubaaqudgha
Makhleb
Okawaru
Qazlal
Ru
Sif Muna
Trog
Uskayaw
Vehumet
Wu Jian
Xom
The Shining One


Innate Abilities, Weirdness & Mutations

You have hooves in place of feet.
Armour fits poorly on your strangely shaped body.
You cover ground very quickly.
You have extremely tough skin. (AC +3)


Message History

Aim: a bullfrog (heavily wounded)
You shoot an arrow. The arrow barely misses the bullfrog.
The bullfrog hits you but does no damage.
The quokka bites you but does no damage.
Found a spear.
Really attack while wielding your +1 shortbow?
You closely miss the quokka.
The bullfrog hits you but does no damage.
The quokka bites you but does no damage.
The bullfrog hits you.
* * * LOW HITPOINT WARNING * * *
The quokka bites you but does no damage.
Unknown command.
The bullfrog hits you but does no damage.
There is a stone staircase leading down, spattered with blood here.
The bullfrog hits you but does no damage.
You see here 10 arrows.
The quokka bites you but does no damage.
The bullfrog hits you.
You die...

.###########
......(@F>.#
#.......r..#
#..........#
...#...(.###
..........
....[......
...........
............
..).


You could see a bullfrog and a quokka.

Vanquished Creatures
  A hound (D:3)
  Terence (D:2)
  A worker ant (D:7)
  Robin (D:3)
  5 adders
  A howler monkey skeleton (D:7)
  An ooze (D:2)
  4 leopard geckos
  13 goblins
  6 hobgoblins
  9 kobolds
  2 quokkas
  A ball python (D:1)
  A ball python zombie (D:6)
  5 bats
  5 frilled lizards
  8 rats
65 creatures vanquished.

Notes
Turn   | Place    | Note
-------+----------+-------------------------------------------
     0 | D:1      | Kagalorn the Centaur Hunter began the quest for the Orb.
     0 | D:1      | Reached XP level 1. HP: 17/17 MP: 1/1
   260 | D:1      | Reached XP level 2. HP: 8/24 MP: 2/2
   303 | D:1      | Reached skill level 6 in Bows
   648 | D:2      | Reached XP level 3. HP: 23/29 MP: 3/3
   665 | D:2      | Noticed Terence
   740 | D:2      | Killed Terence
   740 | D:2      | Reached skill level 7 in Bows
   762 | D:2      | Found a bloodstained altar of Trog.
   818 | D:2      | Reached XP level 4. HP: 21/36 MP: 4/4
  1272 | D:3      | Reached skill level 8 in Bows
  1598 | D:3      | Noticed Robin
  1715 | D:3      | Found an opulent altar of Gozag.
  1720 | D:3      | Killed Robin
  1720 | D:3      | Reached XP level 5. HP: 35/41 MP: 5/5
  2051 | D:4      | You fall into a shaft and drop 1 floor!
  2051 | D:5      | Entered Level 5 of the Dungeon
  2052 | D:5      | Found a staircase to the Ecumenical Temple.
  2062 | Temple   | Entered the Ecumenical Temple
  2269 | Temple   | Became a worshipper of Warmaster Okawaru
  2320 | D:5      | Found a blossoming altar of Fedhas.
  2336 | D:5      | You fall into a shaft and drop 2 floors!
  2351 | D:7      | Noticed an orc warrior
  2355 | D:7      | Noticed a sky beast
  2384 | D:7      | Reached skill level 9 in Bows
  2411 | D:7      | Noticed a sky beast
  2442 | D:7      | Noticed a centaur
  2490 | D:6      | Slain by a bullfrog

Levels and vault maps discovered:
D:1:      lemuel_arrival_funnel, layout_basic
D:2:      layout_rooms, serial_park_tiny_1, bloody_trog, uniq_terence
D:3:      layout_loops_ring, old_standard_altar, uniq_robin
D:4:      layout_cave_pools, gammafunk_temple_overflow_wave,
          ebering_ghost_sewer_f
D:5:      layout_basic, yredelemnul_altar_generic, fedhas_ov_isle_minmay,
          lemuel_coloured_pillars_altar, minmay_temple_entry_statues_pillars,
          first_ration, gammafunk_ghost_icy, uniq_duvessa, uniq_menkaure
D:6:      layout_rooms, lemuel_round_altar, tso_altar, uniq_crazy_yiuf_cottage
D:7:      layout_rooms
Temple:   dpeg_chambers_temple

Skill      XL: |  1  2  3  4  5 |
---------------+----------------+-----
Bows           | 6 7 8 9 |  9.1
Fighting       | |  2.0
Dodging        | |  1.3
Stealth        | |  0.4

Action                   |  1- 3 |  4- 6 || total
-------------------------+-------+-------++-------
Melee: Unarmed           |   110 |   193 ||   303
       Kick              |    17 |    37 ||    54
       Shortbow          |     1 |     1 ||     2
 Fire: Shortbow          |    21 |    46 ||    67
  Use: Scroll            |       |     1 ||     1
  Eat: Chunk             |       |     2 ||     2
Armor: Leather armour    |    23 |       ||    23
       Chain mail        |    72 |   174 ||   246
Dodge: Dodged            |    48 |    15 ||    63

Table legend:
 A = Non-vault XP
 B = Vault XP
 C = Vault XP percentage of total XP
 D = Non-vault monster count
 E = Vault monster count
 F = Vault count percentage of total count
                 A         B        C        D         E       F
            +---------+---------+-------+---------+---------+-------
      Total |     226 |      73 |  24.4 |      52 |      13 |  20.0
            +---------+---------+-------+---------+---------+-------
        D:1 |      19 |       0 |   0.0 |      13 |       0 |   0.0
        D:2 |      82 |      36 |  30.5 |      19 |       1 |   5.0
        D:3 |      79 |      37 |  31.9 |      16 |      12 |  42.9
        D:4 |       1 |       0 |   0.0 |       1 |       0 |   0.0
        D:6 |       1 |       0 |   0.0 |       1 |       0 |   0.0
        D:7 |      44 |       0 |   0.0 |       2 |       0 |   0.0
            +---------+---------+-------+---------+---------+-------
